 Dungeon Crawl Stone Soup version 0.30-a0-800-g7c544603b3 (webtiles) character file.

Game seed: 14685487220030179495

245 retardedninja the Covered (level 5, -3/48 HPs)
             Began as a Minotaur Fighter on Feb 22, 2023.
             Was an Initiate of Gozag.
             Slain by an orc wizard
             ... wielding a +0 hand axe
              (5 damage)
             ... on level 4 of the Dungeon.
             The game lasted 00:03:32 (3273 turns).

retardedninja the Covered (Minotaur Fighter)        Turns: 3273, Time: 00:03:32

Health: -3/48      AC:  8    Str: 23    XL:     5   Next: 84%
Magic:  4/4        EV:  9    Int:  5    God:    Gozag
Gold:   209        SH:  5    Dex: 15    Spells: 4/4 levels left

rFire   . . .      SeeInvis .    a - +0 war axe
rCold   . . .      Faith    .    c - +0 buckler
rNeg    . . .      Spirit   .    b - +0 scale mail
rPois   .          Reflect  .    (helmet restricted)
rElec   .          Harm     .    (no cloak)
rCorr   +          Rampage  .    (no gloves)
Will    .....                    j - +0 pair of boots Stlth
                                 (no amulet)
HPRegen 0.28/turn                k - +6 ring of dexterity
MPRegen 0.09/turn                r - ring of resist corrosion

@: no status effects
A: horns 2, retaliatory headbutt
a: Renounce Religion, Potion Petition, Call Merchant, Bribe Branch


You were on level 4 of the Dungeon.
You worshipped Gozag.
Gozag was aware of your devotion.
You visited 1 branch of the dungeon, and saw 4 of its levels.

You collected 268 gold pieces.
You paid 59 gold pieces to Gozag.

Inventory:

Hand Weapons
 a - a +0 war axe (weapon)
Armour
 b - a +0 scale mail (worn)
 c - a +0 buckler (worn)
 j - a +0 pair of boots (worn)
Jewellery
 k - a +6 ring of dexterity (left hand)
 r - a ring of resist corrosion (right hand)
 w - a +6 ring of dexterity
Wands
 p - a wand of charming (8)
 v - a wand of polymorph (14)
Scrolls
 f - a scroll of fog
 g - 2 scrolls of amnesia
 n - a scroll of immolation
 o - a scroll of poison {unknown}
Potions
 d - a potion of might
 e - 2 potions of degeneration
 h - a potion of curing
 i - a potion of heal wounds {unknown}
 l - a potion of lignification
 q - a potion of haste
 s - 2 potions of brilliance
 t - a potion of attraction {unknown}
 u - a potion of mutation {unknown}


   Skills:
 + Level 5.0 Fighting
 + Level 4.1 Axes
 + Level 5.1 Armour
 + Level 5.1 Shields


You had 4 spell levels left.
You didn't know any spells.
Your spell library contained the following spells:

 Spells                   Type           Power      Damage    Failure   Level
 Malign Gateway           Summ/Tloc      0%         N/A       100%        7
 Summon Horrible Things   Summ           0%         N/A       100%        8


Dungeon Overview and Level Annotations

Branches:
Dungeon (4/15)
 Temple: D:4-7

Altars:
Cheibriados
Gozag
Wu Jian


Innate Abilities, Weirdness & Mutations

You have a pair of horns on your head.
You reflexively headbutt those who attack you in melee.


Message History

You kill the orc!
The orc closely misses you.
An orc wizard comes into view. It is wielding a +0 hand axe.
Items here: ! " $ ) [.
The orc wizard shouts!
The orc hits you but does no damage.
You flicker back into view.
The orc hits you from afar with a +0 trident.
* * * LOW HITPOINT WARNING * * *
The orc wizard mumbles some strange words.
The orc wizard flickers and vanishes!
Deactivating autopickup; reactivate with Ctrl-A.
You feel better. The orc barely misses you. Something hits you.
You barely miss something. Your headbutt misses something.
You block the orc's attack. Something completely misses you.
You completely miss something. Your headbutt misses something.
The orc hits you from afar with a +0 trident.
Something hits you.
You closely miss something. The orc barely misses you. Something hits you.
Something hits you but does no damage. The orc barely misses you.
You barely miss something. The orc misses you.
Something hits you but does no damage.
You miss something. You block the orc's attack.
Something hits you but does no damage.
You barely miss something. Your headbutt misses something.
The orc hits you from afar with a +0 trident.
Something hits you.
* * * LOW HITPOINT WARNING * * *
The orc hits you from afar with a +0 trident.
* * * LOW HITPOINT WARNING * * *
You hear some strange, mumbled words.
A magic dart appears from out of thin air!
The magic dart hits you.
* * * LOW HITPOINT WARNING * * *
You miss something.
The orc hits you from afar with a +0 trident.
* * * LOW HITPOINT WARNING * * *
Something hits you.
You die...
Your body crumbles into a pile of gold.

#... ...# #[.. #..#
#... . #.)# # ##.#
### #.####..####.#
#.# ..# #..........
#.# ### .....o. #.#
#.{##############.#
#.@$.$............#
##.################
#.# ..# ####


You could see an orc.

Vanquished Creatures
  A hound (D:4)
  A jelly (D:4)
  An orc priest (D:4)
  An iguana (D:4)
  4 adders
  4 worms
  6 orcs (D:4)
  12 endoplasms
  3 giant cockroaches
  5 goblins
  6 hobgoblins
  6 kobolds
  4 quokkas
  6 ball pythons
  5 bats
  11 frilled lizards
  7 rats
83 creatures vanquished.

Vanquished Creatures (others)
  13 plants (D:2)
13 creatures vanquished.

Grand Total: 96 creatures vanquished

Notes
Turn   | Place    | Note
-------+----------+-------------------------------------------
     0 | D:1      | retardedninja the Minotaur Fighter began the quest for the
                  | Orb.
     0 | D:1      | Reached XP level 1. HP: 19/19 MP: 0/0
   265 | D:1      | Reached XP level 2. HP: 27/27 MP: 1/1
   784 | D:2      | Reached XP level 3. HP: 33/33 MP: 2/2
  1272 | D:2      | Found a faded altar of an unknown god.
  1389 | D:3      | Reached XP level 4. HP: 38/41 MP: 3/3
  1827 | D:3      | Found an ornate altar of the Wu Jian Council.
  2496 | D:4      | Found an opulent altar of Gozag.
  2524 | D:4      | Became a worshipper of Gozag Ym Sagoz the Greedy
  2582 | D:4      | Reached XP level 5. HP: 46/47 MP: 4/4
  2693 | D:4      | Found a snail-covered altar of Cheibriados.
  3249 | D:4      | Reached skill level 5 in Armour
  3255 | D:4      | Reached skill level 5 in Shields
  3257 | D:4      | Reached skill level 5 in Fighting
  3273 | D:4      | HP: 2/48 [orc/+0 trident (4)]
  3273 | D:4      | Slain by an orc wizard

Illustrated notes

Levels and vault maps discovered:
D:1:      minmay_arrival_shoal_huts, layout_basic, minmay_lizard_pond
D:2:      minmay_door_path, layout_basic, dilly_ecumenical_altar_fadedgnrine,
          minmay_ruptured
D:3:      layout_basic, mainiacjoe_overflow_24_doors, serial_aquarium,
          aquarium_bridge_square [aquarium_subvault_bridge,
          aquarium_subvault_bridge, aquarium_subvault_bridge,
          aquarium_subvault_window], aquarium_bridge_straight
          [aquarium_subvault_bridge, aquarium_subvault_window,
          aquarium_subvault_bridge, aquarium_subvault_wall],
          aquarium_window_fake, aquarium_window_corner, aquarium_view_2f,
          aquarium_view_4, aquarium_balcony_3a, aquarium_pool_2,
          minmay_goblin_kobold_house
D:4:      layout_loops_ring, slow_altar_2, grunt_gozag_breadcrumbs,
          chequers_arboretum

Skill      XL: |  1  2  3  4  5 |
---------------+----------------+-----
Shields        | 4 5 |  5.1
Fighting       | 4 5 |  5.0
Armour         | 4 5 |  5.1
Axes           | 3 4 |  4.1

Action                     |  1- 3 |  4- 6 || total
---------------------------+-------+-------++-------
  Melee: War axe           |    84 |    89 ||   173
         Headbutt          |     9 |    14 ||    23
    Use: Scroll            |       |     9 ||     9
         Potion            |       |     2 ||     2
   Stab: Invisible         |       |     1 ||     1
 Armour: Scale mail        |    34 |    25 ||    59
  Dodge: Dodged            |    34 |    39 ||    73
  Block: Buckler           |    17 |    23 ||    40

Table legend: (Time is in decaauts)
 A = Elapsed time spent in this place.
 B = Non-inter-level travel time spent in this place.
 C = Inter-level travel time spent in this place.
 D = Time resting spent in this place.
 E = Time spent auto-exploring this place.
 F = Levels seen in this place.
 G = Mean time per level.
                   A        B        C        D        E       F      G
               +--------+--------+--------+--------+--------+-----+--------+
         Total |   3337 |   3249 |     88 |    246 |   2458 |   4 |  834.2 |
       Dungeon |   3337 |   3249 |     88 |    246 |   2458 |   4 |  834.2 |
               +--------+--------+--------+--------+--------+-----+--------+

Top non-repeatable levels by time:
     D:3: 1174 daAuts
     D:4: 793 daAuts
     D:1: 774 daAuts
     D:2: 595 daAuts
